 Dungeon Crawl Stone Soup version 0.24.1-8-ga250c9d538 (webtiles) character file.

Game seed: 14793669747674594001, levelgen mode: deterministic

1122 Peloso the Slasher (level 8, -2/67 HPs)
             Began as a Ghoul Fighter on May 4, 2020.
             Slain by a mummy (5 damage)
             ... in an ossuary.
             The game lasted 00:11:35 (4251 turns).

Peloso the Slasher (Ghoul Fighter)                  Turns: 4251, Time: 00:11:36

Health: -2/67      AC: 10    Str: 20    XL:     8   Next: 35%
Magic:  7/7        EV:  6    Int:  3    God:
Gold:   154        SH: 10    Dex: 10    Spells: 7/7 levels left

rFire    + . .     SeeInvis .   a - +1 long sword
rCold    + . .     Gourm    +   c - +1 shield
rNeg     + + +     Faith    .   j - +0 chain mail
rPois    ∞         Spirit   .   (no helmet)
rElec    .         Reflect  .   m - +0 cloak
rCorr    .         Harm     .   (no gloves)
MR       .....                  (no boots)
Stlth    ..........             e - amulet of the gourmand
HPRegen  0.00/turn              l - ring of protection from fire
MPRegen  0.10/turn              (no ring)

@: rotting
A: rotting body, claws 1, carnivore, cold resistance 1, negative energy
resistance 3, inhibited regeneration, torment resistance, unbreathing
a: no special abilities


You were in an ossuary.
You were very hungry.

You visited 1 branch of the dungeon, and saw 5 of its levels.
You also visited: Ossuary.

You collected 154 gold pieces.

Inventory:

Hand Weapons
 a - a +1 long sword (weapon)
Armour
 b - a +0 scale mail
 c - a +1 shield (worn)
 j - a +0 chain mail (worn)
 m - a +0 cloak (worn)
Jewellery
 e - an amulet of the gourmand (around neck)
 l - a ring of protection from fire (left claw)
Scrolls
 g - 4 scrolls of remove curse
 n - a scroll of random uselessness {unknown}
 o - 3 scrolls of teleportation
 q - a scroll of fear
Potions
 i - a potion of resistance
 k - 2 potions of cancellation
Comestibles
 f - 10 rations


   Skills:
 + Level 4.8 Fighting
 + Level 6.0 Long Blades
 + Level 4.2 Armour
 + Level 1.5 Dodging
 + Level 0.3 Stealth
 + Level 5.1 Shields


You had 7 spell levels left.
You didn't know any spells.
Your spell library contained the following spells:

 Spells                   Type           Power        Failure   Level  Hunger
 Magic Dart               Conj           #...         100%        1    ##.....
 Blink                    Tloc           N/A          100%        2    ###....
 Call Imp                 Summ           #.......     100%        2    ###....
 Slow                     Hex            #.......     100%        2    ###....
 Conjure Flame            Conj/Fire      #.......     100%        3    ####...
 Mephitic Cloud           Conj/Pois/Air  #.......     100%        3    ####...


Dungeon Overview and Level Annotations

Branches:
Dungeon (5/15)            Ossuary (1/1)
 Temple: D:4-7

Altars:
Xom


Innate Abilities, Weirdness & Mutations

Your body is rotting away.
You thrive on raw meat.
You are immune to poison.
You have sharp fingernails.
You are carnivorous and can eat meat at any time.
Your flesh is cold resistant. (rC+)
You are immune to negative energy. (rN+++)
You do not regenerate when monsters are visible.
You are immune to unholy pain and torment.
You can survive without breathing.


Message History

You destroy the elf zombie!
Your Long Blades skill increases to level 6!
You block the orc zombie's attack.
The goblin zombie hits you but does no damage.
The rat zombie closely misses you.
You block the big kobold zombie's attack.
The orc zombie closely misses you. You block the goblin zombie's attack.
The orc zombie hits you but does no damage.
A mummy comes into view.
Your shield and chain mail prevent you from hitting the mummy.
The mummy hits you!
* * * LOW HITPOINT WARNING * * *
Your shield and chain mail prevent you from hitting the mummy.
The mummy hits you!
* * * LOW HITPOINT WARNING * * *
You closely miss the mummy. You block the orc zombie's attack.
You slash the mummy!
The mummy is heavily damaged.
The mummy hits you.
You die...

..Z#.......# #...#
...#.......# #M..#
...#.......####Z#.Z.#
...#.Z.....Z..ZZ#...#
..Z#.####ZZ####.#...#
...# #Z^# #.Z.# ...#
#..# #.Z.#
...######..######ZZ.#
......Z.Z......M@Z..#
........8..8........#
....................#
....................#
#####################


You could see 2 mummies, a rat zombie, a goblin zombie, 2 kobold zombies, a big
kobold zombie and an orc zombie.

Vanquished Creatures
  An ice beast (D:5)
  A phantom (D:4)
  2 ogres
  An elf zombie (Ossuary)
  A scorpion (D:4)
  A crimson imp (D:5)
  A jelly (D:5)
  A centaur zombie (Ossuary)
  2 hounds (D:5)
  A centaur skeleton (D:5)
  2 orc wizards (D:4)
  Jessica (D:3)
  Natasha (D:2)
  An iguana (D:5)
  5 worker ants
  A hound skeleton (D:4)
  7 adders
  A shadow imp (D:5)
  3 adder zombies
  An adder skeleton (D:4)
  A worm (D:2)
  4 dart slugs
  A leopard gecko (D:5)
  9 orcs
  3 giant cockroaches
  5 goblins
  5 hobgoblins
  16 jackals
  10 kobolds
  3 quokkas
  2 ball pythons
  6 bats
  6 frilled lizards
  10 hobgoblin zombies (Ossuary)
  5 kobold zombies (Ossuary)
  8 orc zombies (Ossuary)
  7 rats
  2 rat zombies (Ossuary)
138 creatures vanquished.

Notes
Turn   | Place    | Note
-------+----------+-------------------------------------------
     0 | D:1      | Peloso the Ghoul Fighter began the quest for the Orb.
     0 | D:1      | Reached XP level 1. HP: 19/19 MP: 0/0
   121 | D:1      | Reached XP level 2. HP: 18/26 MP: 1/1
   575 | D:1      | Reached XP level 3. HP: 30/30 MP: 2/2
   682 | D:2      | Reached skill level 2 in Long Blades
   796 | D:2      | Noticed an ogre
   808 | D:2      | Killed an ogre
   808 | D:2      | Reached XP level 4. HP: 21/37 MP: 3/3
   808 | D:2      | Reached XP level 5. HP: 25/43 MP: 4/4
   819 | D:2      | Found a faded altar of an unknown god.
  1089 | D:2      | Reached skill level 3 in Long Blades
  1358 | D:2      | Noticed Natasha
  1376 | D:2      | Killed Natasha
  1731 | D:3      | Found a shimmering altar of Xom.
  1881 | D:3      | Noticed Jessica
  1901 | D:3      | Killed Jessica
  1941 | D:3      | Reached XP level 6. HP: 41/51 MP: 5/5
  2475 | D:4      | Reached skill level 4 in Long Blades
  2797 | D:4      | Noticed a phantom
  2846 | D:4      | Killed a phantom
  2846 | D:4      | Reached XP level 7. HP: 32/58 MP: 6/6
  3088 | D:4      | Reached skill level 1 in Dodging
  3278 | D:5      | Entered Level 5 of the Dungeon
  3315 | D:5      | Reached skill level 5 in Long Blades
  3510 | D:5      | Reached XP level 8. HP: 23/67 MP: 7/7
  3515 | D:5      | Reached skill level 5 in Shields
  3551 | D:5      | Found a sand-covered staircase.
  3560 | Ossuary  | Entered an ossuary
  4235 | Ossuary  | Reached skill level 6 in Long Blades
  4249 | Ossuary  | HP: 3/67 [mummy (14)]
  4251 | Ossuary  | Slain by a mummy

Levels and vault maps discovered:
D:1:      shiori_arrival_elements, layout_loops_ring
D:2:      layout_loops_corners, chequers_ecumenical_altar_island, uniq_natasha
D:3:      layout_loops_corners, old_standard_altar, first_ration, uniq_jessica
D:4:      layout_loops_ring, marbit_many_paths, lemuel_blue_sif_altar
D:5:      layout_rooms, okawaru_metal_pillars_1_2, kennysheep_mini,
          enter_ossuary_4, serial_shops, shop, grunt_ministairs_4
Ossuary:  ossuary_tomb_1

Skill      XL: |  1  2  3  4  5  6  7  8 |
---------------+-------------------------+-----
Shields        | 3 4 5 |  5.1
Armour         | 3 4 |  4.2
Long Blades    | 2 3 4 5 6 |  6.0
Fighting       | 4 |  4.8
Dodging        | 1 |  1.5
Stealth        | |  0.3

Action                   |  1- 3 |  4- 6 |  7- 9 || total
-------------------------+-------+-------+-------++-------
Melee: Long sword        |    98 |   235 |   217 ||   550
  Use: Scroll            |     4 |     6 |     2 ||    12
       Potion            |     1 |       |     4 ||     5
  Eat: Chunk             |       |     8 |     3 ||    11
Armor: Scale mail        |    11 |       |       ||    11
       Chain mail        |    58 |   120 |   161 ||   339
Dodge: Dodged            |    33 |    47 |   125 ||   205
Block: Shield            |    62 |   114 |   185 ||   361
       Rpst.: Long sword |    11 |    11 |    55 ||    77
